Long Beach Ice Dogs vs Havana Tropicals
Created - Wednesday, May 3, 2023 at 07:00
Goals
|
| Long Beach Ice Dogs |
0 |
2 |
4 |
6 |
| Havana Tropicals |
1 |
0 |
2 |
3 |
|
Shots
|
| Long Beach Ice Dogs |
15 |
7 |
18 |
40 |
| Havana Tropicals |
17 |
8 |
9 |
34 |
|
1st period
1. Havana Tropicals , Chris Tierney 21 (Sammy Blais 19) at 1:37
Penalties :
Alex Galchenyuk (TRM) for Hooking (Minor) at 9:53, Yan Kuznetsov (TRM) for Holding (Minor) at 12:54
2nd period
2. Long Beach Ice Dogs , Gabriel Vilardi 24 (Brendan Gallagher 26, Mark Pysyk 18) at 2:14
3. Long Beach Ice Dogs , Darren Helm 11 (Brendan Gallagher 27, Gabriel Vilardi 26) at 3:32
Penalties :
Zack Kassian (TRM) for Hooking (Minor) at 5:46, Nolan Foote (HAV) for Hooking (Minor) at 10:55, Zack Kassian (TRM) for Tripping (Minor) at 14:58, Trey Fix-Wolansky (TRM) for Hooking (Minor) at 18:36
3rd period
4. Havana Tropicals , Nolan Foote 8 (Alexander Nylander 6, Henrik Borgstrom 10) at 6:26
5. Long Beach Ice Dogs , Victor Rask 22 (Zack Kassian 21) at 6:30
6. Long Beach Ice Dogs , Darren Helm 12 (William Lagesson 18, Gabriel Vilardi 27) at 6:44
7. Long Beach Ice Dogs , Alex Galchenyuk 13 (Zack Kassian 22, Justin Schultz 20) at 9:03
8. Long Beach Ice Dogs , Mathieu Olivier 9 (Riley Stillman 12, Jansen Harkins 10) at 10:52
9. Havana Tropicals , Emil Bemstrom 12 (Philipp Kurashev 14, Timothy Liljegren 21) at 17:11
Penalties :
Sammy Blais (HAV) for Holding (Minor) at 18:45
Goalie Stats
Spencer Martin (TRM), 31 saves from 34 shots - (0.912), W, 10-15-1, 60:00 minutes
Arvid Soderblom (HAV), 34 saves from 40 shots - (0.850), L, 9-5-0, 60:00 minutes
Players Stats for Long Beach Ice Dogs
Player Name G A P +/- PIM S H SB GA TA FO MP PP MP PK MP
------------------------------------------------------------------------------------
Alex Galchenyuk 1 0 1 0 2 1 2 0 0 1 3/4 14:27 1:35 0:09
Brendan Gallagher 0 2 2 3 0 4 1 0 1 0 0/1 19:46 1:38 5:04
Darren Helm 2 0 2 3 0 7 3 0 0 1 4/8 19:25 1:38 4:42
Gabriel Vilardi 1 2 3 3 0 4 1 0 0 1 8/16 19:46 1:38 5:04
Jansen Harkins 0 1 1 1 0 2 0 0 1 0 1/1 11:32 0:00 0:00
Jujhar Khaira 0 0 0 -1 0 3 1 0 1 0 0/0 9:18 0:00 0:00
Justin Schultz 0 1 1 3 0 1 3 1 2 2 0/0 22:57 1:52 4:21
Logan Brown 0 0 0 1 0 3 0 1 2 0 2/9 11:41 0:00 0:09
Mark Pysyk 0 1 1 3 0 1 2 1 0 4 0/0 22:57 1:52 4:21
Mathieu Olivier 1 0 1 1 0 1 1 0 1 0 0/0 11:32 0:00 0:00
Olli Juolevi 0 0 0 -1 0 1 1 1 0 2 0/0 13:49 0:00 0:18
Riley Stillman 0 1 1 1 0 1 4 1 0 0 0/0 23:14 1:21 5:16
Shane Bowers 0 0 0 -1 0 0 0 1 0 0 1/2 9:18 0:00 0:00
Trey Fix-Wolansky 0 0 0 -1 2 3 0 0 1 1 0/0 9:32 0:00 0:00
Victor Rask 1 0 1 0 0 4 0 0 0 0 8/18 19:15 1:35 4:42
William Lagesson 0 1 1 1 0 1 2 2 0 2 0/0 23:14 1:21 5:16
Yan Kuznetsov 0 0 0 -1 2 0 2 0 0 0 0/0 13:50 0:00 0:18
Zack Kassian 0 2 2 0 4 3 3 0 1 0 1/1 14:27 1:35 0:00
Players Stats for Havana Tropicals
Player Name G A P +/- PIM S H SB GA TA FO MP PP MP PK MP
------------------------------------------------------------------------------------
Alexander Nylander 0 1 1 1 0 2 0 1 0 0 0/0 9:22 0:00 0:00
Chris Tierney 1 0 1 0 0 4 1 1 3 0 6/12 16:35 4:31 0:55
Dean Kukan 0 0 0 1 0 1 0 0 0 0 0/0 11:00 0:00 0:00
Dennis Cholowski 0 0 0 1 0 0 0 0 0 2 0/0 11:00 0:00 0:00
Emil Bemstrom 1 0 1 1 0 2 1 0 1 0 1/1 10:44 0:00 0:00
Henrik Borgstrom 0 1 1 1 0 1 0 0 0 0 0/0 9:22 0:00 0:00
Milan Lucic 0 0 0 0 0 4 0 1 1 1 0/0 16:25 4:26 0:55
Nolan Foote 1 0 1 1 2 2 0 0 1 0 0/0 9:41 0:00 0:00
Pavel Dorofeyev 0 0 0 1 0 0 2 0 0 0 0/0 10:52 0:00 0:08
Philipp Kurashev 0 1 1 1 0 1 0 0 0 0 2/5 10:54 0:05 0:00
Pierre-Edouard Bellemare 0 0 0 -5 0 3 2 1 1 0 3/4 23:11 5:24 2:10
Robert Bortuzzo 0 0 0 -3 0 2 2 1 1 3 0/0 28:18 5:46 2:21
Sammy Blais 0 1 1 0 2 3 0 0 0 1 0/0 15:19 4:31 0:00
Teddy Blueger 0 0 0 -5 0 2 2 0 2 0 20/36 23:11 5:24 2:10
Timothy Liljegren 0 1 1 -1 0 4 0 0 0 1 0/0 20:42 4:09 0:52
Tucker Poolman 0 0 0 -1 0 1 1 1 0 2 0/0 20:42 4:09 0:52
Zach Aston-Reese 0 0 0 -5 0 2 1 0 3 0 0/2 21:09 5:24 0:08
Zach Whitecloud 0 0 0 -3 0 0 0 1 1 0 0/0 28:18 5:46 2:21
3 Stars
1 - Darren Helm (TRM)
2 - Gabriel Vilardi (TRM)
3 - Brendan Gallagher (TRM)
Power Play
Long Beach Ice Dogs - 0 on 2 Attempt(s) - 0.00%
Havana Tropicals - 0 on 5 Attempt(s) - 0.00%
Penalty Kill
Long Beach Ice Dogs - 5 on 5 Attempt(s) - 100.00%
- Score 0 goal in Penalty Kill
Havana Tropicals - 2 on 2 Attempt(s) - 100.00%
- Score 0 goal in Penalty Kill
Team Stat
Long Beach Ice Dogs - Hits : 26 - Faceoff Wins : 28 - Blocked Shots : 8 - Penalty Minutes : 10
Havana Tropicals - Hits : 12 - Faceoff Wins : 32 - Blocked Shots : 7 - Penalty Minutes : 4
Official
Referees : Ian Walsh and Mike Leggo
Linesman : Brian Murphy and Steve Barton
Game Notes
No Game Note
Long Beach Ice Dogs
5 vs 5 Forward
Center Left Wing Right Wing Time % Phy DF OF
1 Gabriel Vilardi Darren Helm Brendan Gallagher 30 1 2 2
2 Victor Rask Alex Galchenyuk Zack Kassian 30 1 2 2
3 Logan Brown Jansen Harkins Mathieu Olivier 25 1 2 2
4 Shane Bowers Jujhar Khaira Trey Fix-Wolansky 15 1 2 2
5 vs 5 Defense
Defense Defense Time % Phy DF OF
1 Mark Pysyk Justin Schultz 35 1 2 2
2 Riley Stillman William Lagesson 35 1 2 2
3 Olli Juolevi Yan Kuznetsov 30 1 2 2
4 Mark Pysyk Justin Schultz 0 1 2 2
PowerPlay Forward
Center Left Wing Right Wing Time % Phy DF OF
1 Gabriel Vilardi Darren Helm Brendan Gallagher 50 1 2 2
2 Victor Rask Alex Galchenyuk Zack Kassian 50 1 2 2
PowerPlay Defense
Defense Defense Time % Phy DF OF
1 Mark Pysyk Justin Schultz 50 1 2 2
2 Riley Stillman William Lagesson 50 1 2 2
Penalty Kill 4 Players Forward
Center Wing Time % Phy DF OF
1 Brendan Gallagher Gabriel Vilardi 50 1 2 2
2 Darren Helm Victor Rask 50 1 2 2
Penalty Kill 4 Players Defense
Defense Defense Time % Phy DF OF
1 Mark Pysyk Justin Schultz 50 1 2 2
2 Riley Stillman William Lagesson 50 1 2 2
Penalty Kill - 3 Players Forward
Forward Time % Phy DF OF
1 Brendan Gallagher 50 1 2 2
2 Gabriel Vilardi 50 1 2 2
Penalty Kill - 3 Players Defense
Defense Defense Time % Phy DF OF
1 Mark Pysyk Justin Schultz 50 1 2 2
2 Riley Stillman William Lagesson 50 1 2 2
4 vs 4 Forward
Center Wing Time % Phy DF OF
1 Brendan Gallagher Gabriel Vilardi 50 1 2 2
2 Darren Helm Victor Rask 50 1 2 2
4 vs 4 Defense
Defense Defense Time % Phy DF OF
1 Mark Pysyk Justin Schultz 50 1 2 2
2 Riley Stillman William Lagesson 50 1 2 2
Last Minutes Offensive
Center Left Wing Right Wing Defense Defense
Gabriel Vilardi Darren Helm Brendan Gallagher Mark Pysyk Justin Schultz
Last Minutes Defensive
Center Left Wing Right Wing Defense Defense
Gabriel Vilardi Darren Helm Brendan Gallagher Mark Pysyk Justin Schultz
Goaltenders
Starting : Spencer Martin
Backup : Akira Schmid
Extra Forwards
Normal : Shane Bowers, Jujhar Khaira, Logan Brown - PP : Shane Bowers, Jujhar Khaira - PK : Logan Brown
Extra Defensemen
Normal : Olli Juolevi, Yan Kuznetsov, Riley Stillman - PP : Olli Juolevi - PK : Yan Kuznetsov, Riley Stillman
Penalty Shots
Brendan Gallagher, Gabriel Vilardi, Darren Helm, Victor Rask, Alex Galchenyuk
Havana Tropicals
5 vs 5 Forward
Center Left Wing Right Wing Time % Phy DF OF
1 Teddy Blueger Pierre-Edouard Bellemare Zach Aston-Reese 40 1 2 2
2 Chris Tierney Milan Lucic Sammy Blais 30 1 2 2
3 Philipp Kurashev Emil Bemstrom Pavel Dorofeyev 20 1 2 2
4 Henrik Borgstrom Nolan Foote Alexander Nylander 10 1 2 2
5 vs 5 Defense
Defense Defense Time % Phy DF OF
1 Zach Whitecloud Robert Bortuzzo 40 1 2 2
2 Tucker Poolman Timothy Liljegren 30 1 2 2
3 Dean Kukan Dennis Cholowski 20 1 2 2
4 Zach Whitecloud Robert Bortuzzo 10 1 2 2
PowerPlay Forward
Center Left Wing Right Wing Time % Phy DF OF
1 Teddy Blueger Pierre-Edouard Bellemare Zach Aston-Reese 60 1 2 2
2 Chris Tierney Milan Lucic Sammy Blais 40 1 2 2
PowerPlay Defense
Defense Defense Time % Phy DF OF
1 Zach Whitecloud Robert Bortuzzo 60 1 2 2
2 Tucker Poolman Timothy Liljegren 40 1 2 2
Penalty Kill 4 Players Forward
Center Wing Time % Phy DF OF
1 Teddy Blueger Pierre-Edouard Bellemare 60 1 2 2
2 Chris Tierney Milan Lucic 40 1 2 2
Penalty Kill 4 Players Defense
Defense Defense Time % Phy DF OF
1 Zach Whitecloud Robert Bortuzzo 60 1 2 2
2 Tucker Poolman Timothy Liljegren 40 1 2 2
Penalty Kill - 3 Players Forward
Forward Time % Phy DF OF
1 Teddy Blueger 60 1 2 2
2 Pierre-Edouard Bellemare 40 1 2 2
Penalty Kill - 3 Players Defense
Defense Defense Time % Phy DF OF
1 Zach Whitecloud Robert Bortuzzo 60 1 2 2
2 Tucker Poolman Timothy Liljegren 40 1 2 2
4 vs 4 Forward
Center Wing Time % Phy DF OF
1 Teddy Blueger Pierre-Edouard Bellemare 60 1 2 2
2 Chris Tierney Milan Lucic 40 1 2 2
4 vs 4 Defense
Defense Defense Time % Phy DF OF
1 Zach Whitecloud Robert Bortuzzo 60 1 2 2
2 Tucker Poolman Timothy Liljegren 40 1 2 2
Last Minutes Offensive
Center Left Wing Right Wing Defense Defense
Teddy Blueger Pierre-Edouard Bellemare Zach Aston-Reese Zach Whitecloud Robert Bortuzzo
Last Minutes Defensive
Center Left Wing Right Wing Defense Defense
Teddy Blueger Pierre-Edouard Bellemare Zach Aston-Reese Zach Whitecloud Robert Bortuzzo
Goaltenders
Starting : Arvid Soderblom
Backup : Daniil Tarasov
Extra Forwards
Normal : Philipp Kurashev, Emil Bemstrom, Pavel Dorofeyev - PP : Philipp Kurashev, Emil Bemstrom - PK : Pavel Dorofeyev
Extra Defensemen
Normal : Dean Kukan, Dennis Cholowski, Tucker Poolman - PP : Dean Kukan - PK : Dennis Cholowski, Tucker Poolman
Penalty Shots
Teddy Blueger, Pierre-Edouard Bellemare, Chris Tierney, Milan Lucic, Zach Aston-Reese
% Time on Ice - Long Beach Ice Dogs
Lines # - Real PCT - Wanted PCT - Time Play
Normal Forward
1 - 28% - 30% - 13:04
2 - 28% - 30% - 12:58
3 - 25% - 25% - 11:32
4 - 20% - 15% - 9:18
Normal Defense
1 - 36% - 35% - 16:44
2 - 35% - 35% - 16:37
3 - 29% - 30% - 13:31
4 - 0% - 0% - 0:00
PP Forward
1 - 51% - 50% - 1:38
2 - 49% - 50% - 1:35
PP Defense
1 - 58% - 50% - 1:52
2 - 42% - 50% - 1:21
PK Forward
1 - 52% - 50% - 5:10
2 - 48% - 50% - 4:45
PK Defense
1 - 47% - 50% - 4:39
2 - 53% - 50% - 5:16
PK3 Forward
1 - 0% - 50%
2 - 0% - 50%
PK3 Defense
1 - 0% - 50%
2 - 0% - 50%
44 Forward
1 - 0% - 50%
2 - 0% - 50%
44 Defense
1 - 0% - 50%
2 - 0% - 50%
Last Minute Offensive - 0:00
Last Minute Defensive - 0:00
Total
Forward - 60:00
Defense - 60:00
|
% Time on Ice - Havana Tropicals
Lines # - Real PCT - Wanted PCT - Time Play
Normal Forward
1 - 33% - 40% - 15:37
2 - 24% - 30% - 11:09
3 - 23% - 20% - 10:44
4 - 20% - 10% - 9:22
Normal Defense
1 - 39% - 40% - 18:26
2 - 33% - 30% - 15:41
3 - 23% - 20% - 11:00
4 - 4% - 10% - 1:45
PP Forward
1 - 54% - 60% - 5:24
2 - 46% - 40% - 4:31
PP Defense
1 - 58% - 60% - 5:46
2 - 42% - 40% - 4:09
PK Forward
1 - 72% - 60% - 2:18
2 - 28% - 40% - 0:55
PK Defense
1 - 73% - 60% - 2:21
2 - 27% - 40% - 0:52
PK3 Forward
1 - 0% - 60%
2 - 0% - 40%
PK3 Defense
1 - 0% - 60%
2 - 0% - 40%
44 Forward
1 - 0% - 60%
2 - 0% - 40%
44 Defense
1 - 0% - 60%
2 - 0% - 40%
Last Minute Offensive - 0:00
Last Minute Defensive - 0:00
Total
Forward - 60:00
Defense - 60:00
|
Play-by-Play
1st period
0:01 of 1st period - Gabriel Vilardi wins face-off versus Teddy Blueger in neutral zone.
0:24 of 1st period - Icing by Pierre-Edouard Bellemare.
0:25 of 1st period - Teddy Blueger wins face-off versus Victor Rask in Havana Tropicals zone.
0:34 of 1st period - Slapshot by Sammy Blais.
0:34 of 1st period - Shot Misses the Net.
0:36 of 1st period - Slapshot by Milan Lucic.
0:36 of 1st period - Stopped by Spencer Martin with a rebound.
0:38 of 1st period - Slapshot by Robert Bortuzzo.
0:38 of 1st period - Stopped by Spencer Martin without a rebound.
0:39 of 1st period - Emil Bemstrom wins face-off versus Logan Brown in Long Beach Ice Dogs zone.
0:42 of 1st period - Snap shot by Philipp Kurashev.
0:42 of 1st period - Deflect By Logan Brown.
0:42 of 1st period - Stopped by Spencer Martin with a rebound.
0:44 of 1st period - Snap shot by Tucker Poolman.
0:44 of 1st period - Deflect By Emil Bemstrom.
0:44 of 1st period - Shot Blocked by Logan Brown.
0:44 of 1st period - Puck is out of play.
0:45 of 1st period - Logan Brown wins face-off versus Philipp Kurashev in Long Beach Ice Dogs zone.
1:19 of 1st period - Snap shot by Pavel Dorofeyev.
1:19 of 1st period - Shot Blocked by Olli Juolevi.
1:31 of 1st period - Snap shot by Philipp Kurashev.
1:31 of 1st period - Shot Misses the Net.
1:33 of 1st period - Slapshot by Tucker Poolman.
1:33 of 1st period - Deflect By Emil Bemstrom.
1:33 of 1st period - Shot Misses the Net.
1:33 of 1st period - Puck is out of play.
1:34 of 1st period - Chris Tierney wins face-off versus Shane Bowers in Long Beach Ice Dogs zone.
1:35 of 1st period - Snap shot by Sammy Blais.
1:35 of 1st period - Shot Blocked by Shane Bowers.
1:37 of 1st period - Snap shot by Chris Tierney.
1:37 of 1st period - Goal by Chris Tierney - Long Beach Ice Dogs : 0 - Havana Tropicals : 1.
1:38 of 1st period - Teddy Blueger wins face-off versus Victor Rask in neutral zone.
1:54 of 1st period - Wrist shot by Teddy Blueger.
1:54 of 1st period - Stopped by Spencer Martin without a rebound.
1:55 of 1st period - Gabriel Vilardi wins face-off versus Chris Tierney in Long Beach Ice Dogs zone.
2:40 of 1st period - Zach Aston-Reese is hit by Zack Kassian and loses puck.
3:41 of 1st period - Snap shot by Trey Fix-Wolansky.
3:41 of 1st period - Shot Blocked by Alexander Nylander.
3:43 of 1st period - Snap shot by Jujhar Khaira.
3:43 of 1st period - Stopped by Arvid Soderblom with a rebound.
3:45 of 1st period - Slapshot by Justin Schultz.
3:45 of 1st period - Deflect By Trey Fix-Wolansky.
3:45 of 1st period - Stopped by Arvid Soderblom with a rebound.
3:47 of 1st period - Snap shot by Jujhar Khaira.
3:47 of 1st period - Stopped by Arvid Soderblom with a rebound.
4:53 of 1st period - Snap shot by Alexander Nylander.
4:53 of 1st period - Shot Blocked by Riley Stillman.
4:55 of 1st period - Slapshot by Dean Kukan.
4:55 of 1st period - Stopped by Spencer Martin with a rebound.
4:57 of 1st period - Snap shot by Alexander Nylander.
4:57 of 1st period - Shot Misses the Net.
5:09 of 1st period - Wrist shot by Alexander Nylander.
5:09 of 1st period - Shot Misses the Net.
5:54 of 1st period - Slapshot by Henrik Borgstrom.
5:54 of 1st period - Shot Blocked by William Lagesson.
5:58 of 1st period - Snap shot by Nolan Foote.
5:58 of 1st period - Shot Blocked by William Lagesson.
6:00 of 1st period - Snap shot by Henrik Borgstrom.
6:00 of 1st period - Stopped by Spencer Martin without a rebound.
6:01 of 1st period - Teddy Blueger wins face-off versus Victor Rask in Long Beach Ice Dogs zone.
6:37 of 1st period - Snap shot by Chris Tierney.
6:37 of 1st period - Stopped by Spencer Martin with a rebound.
6:39 of 1st period - Slapshot by Timothy Liljegren.
6:39 of 1st period - Deflect By Logan Brown.
6:39 of 1st period - Stopped by Spencer Martin with a rebound.
6:41 of 1st period - Slapshot by Timothy Liljegren.
6:41 of 1st period - Stopped by Spencer Martin with a rebound.
6:43 of 1st period - Slapshot by Tucker Poolman.
6:43 of 1st period - Stopped by Spencer Martin with a rebound.
7:01 of 1st period - Wrist shot by Trey Fix-Wolansky.
7:01 of 1st period - Stopped by Arvid Soderblom with a rebound.
7:03 of 1st period - Slapshot by Olli Juolevi.
7:03 of 1st period - Stopped by Arvid Soderblom without a rebound.
7:04 of 1st period - Victor Rask wins face-off versus Teddy Blueger in Havana Tropicals zone.
7:09 of 1st period - Snap shot by Zack Kassian.
7:09 of 1st period - Stopped by Arvid Soderblom with a rebound.
7:31 of 1st period - Robert Bortuzzo is hit by Mathieu Olivier and loses puck.
8:12 of 1st period - Pavel Dorofeyev is hit by Zack Kassian and loses puck.
9:15 of 1st period - William Lagesson is hit by Pavel Dorofeyev and loses puck.
9:43 of 1st period - Dennis Cholowski is hit by Alex Galchenyuk and loses puck.
9:53 of 1st period - Minor Penalty to Alex Galchenyuk for Hooking.
9:54 of 1st period - Teddy Blueger wins face-off versus Brendan Gallagher in Long Beach Ice Dogs zone.
10:04 of 1st period - Off-side.
10:05 of 1st period - Teddy Blueger wins face-off versus Darren Helm in neutral zone.
11:53 of 1st period - Penalty to Alex Galchenyuk is over, Alex Galchenyuk is back on ice.
12:06 of 1st period - Zach Whitecloud is hit by Yan Kuznetsov.
12:18 of 1st period - Jujhar Khaira is hit by Robert Bortuzzo and loses puck.
12:54 of 1st period - Minor Penalty to Yan Kuznetsov for Holding.
12:55 of 1st period - Teddy Blueger wins face-off versus Darren Helm in Long Beach Ice Dogs zone.
13:09 of 1st period - Gabriel Vilardi is hit by Tucker Poolman.
13:26 of 1st period - Snap shot by Milan Lucic.
13:26 of 1st period - Deflect By Darren Helm.
13:26 of 1st period - Stopped by Spencer Martin with a rebound.
13:28 of 1st period - Slapshot by Zach Whitecloud.
13:28 of 1st period - Deflect By Milan Lucic.
13:28 of 1st period - Shot Blocked by Mark Pysyk.
13:28 of 1st period - Puck is out of play.
13:29 of 1st period - Darren Helm wins face-off versus Teddy Blueger in Long Beach Ice Dogs zone.
14:01 of 1st period - Snap shot by Darren Helm.
14:01 of 1st period - Stopped by Arvid Soderblom with a rebound.
14:54 of 1st period - Penalty to Yan Kuznetsov is over, Yan Kuznetsov is back on ice.
15:05 of 1st period - Icing by Pierre-Edouard Bellemare.
15:06 of 1st period - Teddy Blueger wins face-off versus Logan Brown in Havana Tropicals zone.
15:21 of 1st period - Wrist shot by Alex Galchenyuk.
15:21 of 1st period - Shot Misses the Net.
15:23 of 1st period - Snap shot by Victor Rask.
15:23 of 1st period - Stopped by Arvid Soderblom with a rebound.
15:25 of 1st period - Wrist shot by Victor Rask.
15:25 of 1st period - Shot Misses the Net.
15:43 of 1st period - Snap shot by Sammy Blais.
15:43 of 1st period - Deflect By William Lagesson.
15:43 of 1st period - Stopped by Spencer Martin with a rebound.
15:45 of 1st period - Snap shot by Milan Lucic.
15:45 of 1st period - Stopped by Spencer Martin with a rebound.
15:47 of 1st period - Wrist shot by Milan Lucic.
15:47 of 1st period - Deflect By Chris Tierney.
15:47 of 1st period - Stopped by Spencer Martin with a rebound.
15:49 of 1st period - Snap shot by Sammy Blais.
15:49 of 1st period - Stopped by Spencer Martin with a rebound.
16:05 of 1st period - Snap shot by Brendan Gallagher.
16:05 of 1st period - Stopped by Arvid Soderblom with a rebound.
16:07 of 1st period - Snap shot by Darren Helm.
16:07 of 1st period - Stopped by Arvid Soderblom with a rebound.
16:09 of 1st period - Wrist shot by Gabriel Vilardi.
16:09 of 1st period - Stopped by Arvid Soderblom with a rebound.
16:13 of 1st period - Wrist shot by Brendan Gallagher.
16:13 of 1st period - Stopped by Arvid Soderblom without a rebound.
16:14 of 1st period - Teddy Blueger wins face-off versus Victor Rask in Havana Tropicals zone.
16:39 of 1st period - Teddy Blueger is hit by Justin Schultz and loses puck.
17:07 of 1st period - Sammy Blais is hit by Darren Helm and loses puck.
17:22 of 1st period - Snap shot by Victor Rask.
17:22 of 1st period - Stopped by Arvid Soderblom without a rebound.
17:23 of 1st period - Philipp Kurashev wins face-off versus Victor Rask in Havana Tropicals zone.
17:39 of 1st period - Slapshot by Emil Bemstrom.
17:39 of 1st period - Stopped by Spencer Martin without a rebound.
17:40 of 1st period - Chris Tierney wins face-off versus Gabriel Vilardi in Long Beach Ice Dogs zone.
18:54 of 1st period - Backhand shot by Sammy Blais.
18:54 of 1st period - Shot Misses the Net.
19:04 of 1st period - Shane Bowers is hit by Teddy Blueger and loses puck.
19:25 of 1st period - Wrist shot by Trey Fix-Wolansky.
19:25 of 1st period - Stopped by Arvid Soderblom with a rebound.
19:27 of 1st period - Slapshot by Olli Juolevi.
19:27 of 1st period - Deflect By Shane Bowers.
19:27 of 1st period - Shot Misses the Net.
19:27 of 1st period - Puck is out of play.
19:28 of 1st period - Chris Tierney wins face-off versus Gabriel Vilardi in Havana Tropicals zone.
19:41 of 1st period - Snap shot by Darren Helm.
19:41 of 1st period - Stopped by Arvid Soderblom without a rebound.
19:42 of 1st period - Teddy Blueger wins face-off versus Alex Galchenyuk in Havana Tropicals zone.
19:46 of 1st period - Off-side.
19:47 of 1st period - Teddy Blueger wins face-off versus Victor Rask in neutral zone.
Goals for this period are 0 for Long Beach Ice Dogs vs 1 for Havana Tropicals.
Shots for this period are 15 for Long Beach Ice Dogs vs 17 for Havana Tropicals.
2nd period
0:01 of 2nd period - Teddy Blueger wins face-off versus Gabriel Vilardi in neutral zone.
1:33 of 2nd period - Snap shot by Teddy Blueger.
1:33 of 2nd period - Stopped by Spencer Martin with a rebound.
1:35 of 2nd period - Backhand shot by Pierre-Edouard Bellemare.
1:35 of 2nd period - Stopped by Spencer Martin without a rebound.
1:36 of 2nd period - Victor Rask wins face-off versus Zach Aston-Reese in Long Beach Ice Dogs zone.
2:08 of 2nd period - Snap shot by Brendan Gallagher.
2:08 of 2nd period - Stopped by Arvid Soderblom with a rebound.
2:10 of 2nd period - Slapshot by Mark Pysyk.
2:10 of 2nd period - Shot Misses the Net.
2:12 of 2nd period - Snap shot by Brendan Gallagher.
2:12 of 2nd period - Stopped by Arvid Soderblom with a rebound.
2:14 of 2nd period - Snap shot by Gabriel Vilardi.
2:14 of 2nd period - Goal by Gabriel Vilardi - Long Beach Ice Dogs : 1 - Havana Tropicals : 1.
2:15 of 2nd period - Teddy Blueger wins face-off versus Gabriel Vilardi in neutral zone.
2:15 of 2nd period - Pierre-Edouard Bellemare is hit by Gabriel Vilardi and loses puck.
2:20 of 2nd period - Pierre-Edouard Bellemare is hit by Darren Helm and loses puck.
2:29 of 2nd period - Slapshot by Gabriel Vilardi.
2:29 of 2nd period - Shot Misses the Net.
2:53 of 2nd period - Olli Juolevi is hit by Robert Bortuzzo and loses puck.
3:12 of 2nd period - Icing by Yan Kuznetsov.
3:13 of 2nd period - Jansen Harkins wins face-off versus Teddy Blueger in Long Beach Ice Dogs zone.
3:18 of 2nd period - Teddy Blueger is hit by Yan Kuznetsov.
3:19 of 2nd period - Icing by Teddy Blueger.
3:20 of 2nd period - Teddy Blueger wins face-off versus Gabriel Vilardi in Havana Tropicals zone.
3:26 of 2nd period - Off-side.
3:27 of 2nd period - Gabriel Vilardi wins face-off versus Teddy Blueger in neutral zone.
3:32 of 2nd period - Snap shot by Darren Helm.
3:32 of 2nd period - Goal by Darren Helm - Long Beach Ice Dogs : 2 - Havana Tropicals : 1.
3:33 of 2nd period - Victor Rask wins face-off versus Teddy Blueger in neutral zone.
4:00 of 2nd period - Robert Bortuzzo is hit by Justin Schultz.
4:28 of 2nd period - Zach Whitecloud is hit by Darren Helm and loses puck.
5:11 of 2nd period - Off-side.
5:12 of 2nd period - Logan Brown wins face-off versus Chris Tierney in neutral zone.
5:20 of 2nd period - Wrist shot by Sammy Blais.
5:20 of 2nd period - Stopped by Spencer Martin with a rebound.
5:43 of 2nd period - Snap shot by Pierre-Edouard Bellemare.
5:43 of 2nd period - Stopped by Spencer Martin without a rebound.
5:44 of 2nd period - Alex Galchenyuk wins face-off versus Pierre-Edouard Bellemare in Long Beach Ice Dogs zone.
5:46 of 2nd period - Minor Penalty to Zack Kassian for Hooking.
5:47 of 2nd period - Pierre-Edouard Bellemare wins face-off versus Darren Helm in Long Beach Ice Dogs zone.
6:12 of 2nd period - Gabriel Vilardi is hit by Chris Tierney and loses puck.
6:21 of 2nd period - Snap shot by Sammy Blais.
6:21 of 2nd period - Deflect By Milan Lucic.
6:21 of 2nd period - Shot Misses the Net.
6:21 of 2nd period - Puck is out of play.
6:22 of 2nd period - Teddy Blueger wins face-off versus Darren Helm in Long Beach Ice Dogs zone.
6:47 of 2nd period - Timothy Liljegren is hit by Riley Stillman and loses puck.
7:46 of 2nd period - Penalty to Zack Kassian is over, Zack Kassian is back on ice.
7:52 of 2nd period - Philipp Kurashev is hit by Olli Juolevi and loses puck.
8:39 of 2nd period - Off-side.
8:40 of 2nd period - Teddy Blueger wins face-off versus Logan Brown in neutral zone.
8:49 of 2nd period - Snap shot by Pierre-Edouard Bellemare.
8:49 of 2nd period - Stopped by Spencer Martin with a rebound.
9:12 of 2nd period - Off-side.
9:13 of 2nd period - Teddy Blueger wins face-off versus Gabriel Vilardi in neutral zone.
9:52 of 2nd period - Wrist shot by Gabriel Vilardi.
9:52 of 2nd period - Stopped by Arvid Soderblom without a rebound.
9:53 of 2nd period - Pierre-Edouard Bellemare wins face-off versus Victor Rask in Havana Tropicals zone.
10:50 of 2nd period - Wrist shot by Jujhar Khaira.
10:50 of 2nd period - Shot Misses the Net.
10:55 of 2nd period - Minor Penalty to Nolan Foote for Hooking.
10:56 of 2nd period - Teddy Blueger wins face-off versus Gabriel Vilardi in Havana Tropicals zone.
11:22 of 2nd period - Robert Bortuzzo is hit by Alex Galchenyuk and loses puck.
11:42 of 2nd period - Icing by Brendan Gallagher.
11:43 of 2nd period - Chris Tierney wins face-off versus Gabriel Vilardi in Long Beach Ice Dogs zone.
12:07 of 2nd period - Off-side.
12:08 of 2nd period - Teddy Blueger wins face-off versus Victor Rask in neutral zone.
12:13 of 2nd period - Slapshot by Robert Bortuzzo.
12:13 of 2nd period - Stopped by Spencer Martin with a rebound.
12:47 of 2nd period - Victor Rask is hit by Teddy Blueger and loses puck.
12:55 of 2nd period - Penalty to Nolan Foote is over, Nolan Foote is back on ice.
14:46 of 2nd period - Jujhar Khaira is hit by Pierre-Edouard Bellemare and loses puck.
14:58 of 2nd period - Minor Penalty to Zack Kassian for Tripping.
14:59 of 2nd period - Darren Helm wins face-off versus Chris Tierney in Long Beach Ice Dogs zone.
16:58 of 2nd period - Penalty to Zack Kassian is over, Zack Kassian is back on ice.
17:11 of 2nd period - Snap shot by Nolan Foote.
17:11 of 2nd period - Stopped by Spencer Martin with a rebound.
17:13 of 2nd period - Snap shot by Alexander Nylander.
17:13 of 2nd period - Stopped by Spencer Martin with a rebound.
17:15 of 2nd period - Slapshot by Alexander Nylander.
17:15 of 2nd period - Shot Misses the Net.
17:17 of 2nd period - Slapshot by Alexander Nylander.
17:17 of 2nd period - Shot Misses the Net.
17:19 of 2nd period - Slapshot by Dennis Cholowski.
17:19 of 2nd period - Shot Blocked by Justin Schultz.
17:30 of 2nd period - Icing by Mark Pysyk.
17:31 of 2nd period - Shane Bowers wins face-off versus Philipp Kurashev in Long Beach Ice Dogs zone.
17:31 of 2nd period - Shane Bowers is hit by Pavel Dorofeyev.
17:42 of 2nd period - Wrist shot by Jujhar Khaira.
17:42 of 2nd period - Stopped by Arvid Soderblom with a rebound.
17:44 of 2nd period - Slapshot by Justin Schultz.
17:44 of 2nd period - Stopped by Arvid Soderblom with a rebound.
18:34 of 2nd period - Snap shot by Emil Bemstrom.
18:34 of 2nd period - Shot Misses the Net.
18:36 of 2nd period - Minor Penalty to Trey Fix-Wolansky for Hooking.
18:37 of 2nd period - Darren Helm wins face-off versus Teddy Blueger in Long Beach Ice Dogs zone.
Goals for this period are 2 for Long Beach Ice Dogs vs 0 for Havana Tropicals.
Shots for this period are 7 for Long Beach Ice Dogs vs 8 for Havana Tropicals.
3rd period
0:01 of 3rd period - Darren Helm wins face-off versus Teddy Blueger in neutral zone.
0:29 of 3rd period - Zach Whitecloud is hit by William Lagesson and loses puck.
0:36 of 3rd period - Penalty to Trey Fix-Wolansky is over, Trey Fix-Wolansky is back on ice.
0:40 of 3rd period - Wrist shot by Darren Helm.
0:40 of 3rd period - Shot Blocked by Milan Lucic.
0:58 of 3rd period - Wrist shot by Jansen Harkins.
0:58 of 3rd period - Shot Misses the Net.
1:00 of 3rd period - Wrist shot by Logan Brown.
1:00 of 3rd period - Stopped by Arvid Soderblom with a rebound.
1:20 of 3rd period - Snap shot by Alex Galchenyuk.
1:20 of 3rd period - Shot Blocked by Tucker Poolman.
1:22 of 3rd period - Slapshot by Yan Kuznetsov.
1:22 of 3rd period - Shot Blocked by Pierre-Edouard Bellemare.
1:38 of 3rd period - Snap shot by Alexander Nylander.
1:38 of 3rd period - Stopped by Spencer Martin with a rebound.
1:40 of 3rd period - Slapshot by Timothy Liljegren.
1:40 of 3rd period - Shot Hit the Post.
1:42 of 3rd period - Slapshot by Timothy Liljegren.
1:42 of 3rd period - Stopped by Spencer Martin with a rebound.
1:44 of 3rd period - Wrist shot by Henrik Borgstrom.
1:44 of 3rd period - Shot Misses the Net.
3:09 of 3rd period - Wrist shot by Milan Lucic.
3:09 of 3rd period - Shot Misses the Net.
3:29 of 3rd period - Timothy Liljegren is hit by Riley Stillman and loses puck.
4:15 of 3rd period - Yan Kuznetsov is hit by Emil Bemstrom and loses puck.
4:32 of 3rd period - Wrist shot by Jansen Harkins.
4:32 of 3rd period - Stopped by Arvid Soderblom with a rebound.
4:56 of 3rd period - Robert Bortuzzo is hit by Jujhar Khaira and loses puck.
5:07 of 3rd period - Nolan Foote is hit by Mark Pysyk and loses puck.
5:36 of 3rd period - Henrik Borgstrom is hit by Mark Pysyk and loses puck.
6:02 of 3rd period - Wrist shot by Henrik Borgstrom.
6:02 of 3rd period - Shot Misses the Net.
6:22 of 3rd period - Snap shot by Alexander Nylander.
6:22 of 3rd period - Shot Misses the Net.
6:24 of 3rd period - Wrist shot by Nolan Foote.
6:24 of 3rd period - Shot Misses the Net.
6:26 of 3rd period - Snap shot by Nolan Foote.
6:26 of 3rd period - Goal by Nolan Foote - Long Beach Ice Dogs : 2 - Havana Tropicals : 2.
6:27 of 3rd period - Victor Rask wins face-off versus Teddy Blueger in neutral zone.
6:30 of 3rd period - Wrist shot by Victor Rask.
6:30 of 3rd period - Goal by Victor Rask - Long Beach Ice Dogs : 3 - Havana Tropicals : 2.
6:31 of 3rd period - Gabriel Vilardi wins face-off versus Teddy Blueger in neutral zone.
6:40 of 3rd period - Wrist shot by Gabriel Vilardi.
6:40 of 3rd period - Stopped by Arvid Soderblom with a rebound.
6:42 of 3rd period - Snap shot by William Lagesson.
6:42 of 3rd period - Stopped by Arvid Soderblom with a rebound.
6:44 of 3rd period - Slapshot by Darren Helm.
6:44 of 3rd period - Goal by Darren Helm - Long Beach Ice Dogs : 4 - Havana Tropicals : 2.
6:45 of 3rd period - Pierre-Edouard Bellemare wins face-off versus Victor Rask in neutral zone.
6:57 of 3rd period - Off-side.
6:58 of 3rd period - Gabriel Vilardi wins face-off versus Teddy Blueger in neutral zone.
7:12 of 3rd period - Slapshot by Riley Stillman.
7:12 of 3rd period - Deflect By Zach Whitecloud.
7:12 of 3rd period - Stopped by Arvid Soderblom with a rebound.
7:14 of 3rd period - Wrist shot by Darren Helm.
7:14 of 3rd period - Stopped by Arvid Soderblom without a rebound.
7:15 of 3rd period - Victor Rask wins face-off versus Chris Tierney in Havana Tropicals zone.
7:18 of 3rd period - Wrist shot by Zack Kassian.
7:18 of 3rd period - Shot Misses the Net.
7:20 of 3rd period - Snap shot by Victor Rask.
7:20 of 3rd period - Stopped by Arvid Soderblom without a rebound.
7:21 of 3rd period - Alex Galchenyuk wins face-off versus Chris Tierney in Havana Tropicals zone.
7:28 of 3rd period - Snap shot by Victor Rask.
7:28 of 3rd period - Deflect By Zack Kassian.
7:28 of 3rd period - Stopped by Arvid Soderblom without a rebound.
7:29 of 3rd period - Teddy Blueger wins face-off versus Victor Rask in Havana Tropicals zone.
7:38 of 3rd period - Justin Schultz is hit by Zach Aston-Reese and loses puck.
8:20 of 3rd period - Emil Bemstrom is hit by William Lagesson and loses puck.
8:55 of 3rd period - Slapshot by Zach Aston-Reese.
8:55 of 3rd period - Stopped by Spencer Martin with a rebound.
9:03 of 3rd period - Snap shot by Alex Galchenyuk.
9:03 of 3rd period - Goal by Alex Galchenyuk - Long Beach Ice Dogs : 5 - Havana Tropicals : 2.
9:04 of 3rd period - Gabriel Vilardi wins face-off versus Teddy Blueger in neutral zone.
9:36 of 3rd period - Snap shot by Victor Rask.
9:36 of 3rd period - Shot Misses the Net.
9:38 of 3rd period - Slapshot by Mark Pysyk.
9:38 of 3rd period - Deflect By Timothy Liljegren.
9:38 of 3rd period - Stopped by Arvid Soderblom with a rebound.
9:45 of 3rd period - Icing by Sammy Blais.
9:46 of 3rd period - Philipp Kurashev wins face-off versus Logan Brown in Havana Tropicals zone.
10:11 of 3rd period - Justin Schultz is hit by Pierre-Edouard Bellemare and loses puck.
10:38 of 3rd period - Wrist shot by Zack Kassian.
10:38 of 3rd period - Shot Misses the Net.
10:40 of 3rd period - Wrist shot by Alex Galchenyuk.
10:40 of 3rd period - Deflect By Victor Rask.
10:40 of 3rd period - Shot Misses the Net.
10:40 of 3rd period - Puck is out of play.
10:41 of 3rd period - Teddy Blueger wins face-off versus Logan Brown in Havana Tropicals zone.
10:46 of 3rd period - Wrist shot by Jansen Harkins.
10:46 of 3rd period - Stopped by Arvid Soderblom with a rebound.
10:48 of 3rd period - Slapshot by Riley Stillman.
10:48 of 3rd period - Shot Misses the Net.
10:50 of 3rd period - Slapshot by Mathieu Olivier.
10:50 of 3rd period - Shot Blocked by Zach Whitecloud.
10:52 of 3rd period - Wrist shot by Mathieu Olivier.
10:52 of 3rd period - Goal by Mathieu Olivier - Long Beach Ice Dogs : 6 - Havana Tropicals : 2.
10:53 of 3rd period - Gabriel Vilardi wins face-off versus Teddy Blueger in neutral zone.
11:00 of 3rd period - Snap shot by Teddy Blueger.
11:00 of 3rd period - Deflect By Pierre-Edouard Bellemare.
11:00 of 3rd period - Shot Misses the Net.
11:00 of 3rd period - Puck is out of play.
11:01 of 3rd period - Gabriel Vilardi wins face-off versus Teddy Blueger in Long Beach Ice Dogs zone.
11:10 of 3rd period - Slapshot by Riley Stillman.
11:10 of 3rd period - Shot Blocked by Robert Bortuzzo.
11:46 of 3rd period - Slapshot by Brendan Gallagher.
11:46 of 3rd period - Shot Misses the Net.
11:56 of 3rd period - Snap shot by Zach Aston-Reese.
11:56 of 3rd period - Stopped by Spencer Martin without a rebound.
11:57 of 3rd period - Zack Kassian wins face-off versus Chris Tierney in Long Beach Ice Dogs zone.
12:55 of 3rd period - Slapshot by Justin Schultz.
12:55 of 3rd period - Shot Misses the Net.
13:30 of 3rd period - Dean Kukan is hit by Riley Stillman and loses puck.
14:12 of 3rd period - Nolan Foote is hit by Riley Stillman and loses puck.
14:45 of 3rd period - Wrist shot by Gabriel Vilardi.
14:45 of 3rd period - Shot Misses the Net.
14:55 of 3rd period - Zach Aston-Reese is hit by Justin Schultz and loses puck.
15:12 of 3rd period - Slapshot by Logan Brown.
15:12 of 3rd period - Shot Misses the Net.
15:24 of 3rd period - Backhand shot by Robert Bortuzzo.
15:24 of 3rd period - Shot Misses the Net.
15:59 of 3rd period - Wrist shot by Gabriel Vilardi.
15:59 of 3rd period - Shot Misses the Net.
16:01 of 3rd period - Slapshot by Mark Pysyk.
16:01 of 3rd period - Shot Misses the Net.
16:03 of 3rd period - Wrist shot by Darren Helm.
16:03 of 3rd period - Stopped by Arvid Soderblom with a rebound.
16:13 of 3rd period - Snap shot by Milan Lucic.
16:13 of 3rd period - Stopped by Spencer Martin with a rebound.
16:15 of 3rd period - Wrist shot by Chris Tierney.
16:15 of 3rd period - Stopped by Spencer Martin with a rebound.
16:17 of 3rd period - Slapshot by Timothy Liljegren.
16:17 of 3rd period - Stopped by Spencer Martin without a rebound.
16:18 of 3rd period - Chris Tierney wins face-off versus Logan Brown in Long Beach Ice Dogs zone.
16:44 of 3rd period - Milan Lucic is hit by Brendan Gallagher and loses puck.
16:55 of 3rd period - Snap shot by Darren Helm.
16:55 of 3rd period - Shot Misses the Net.
16:57 of 3rd period - Snap shot by Darren Helm.
16:57 of 3rd period - Deflect By Brendan Gallagher.
16:57 of 3rd period - Shot Blocked by Chris Tierney.
16:57 of 3rd period - Puck is out of play.
16:58 of 3rd period - Victor Rask wins face-off versus Philipp Kurashev in Havana Tropicals zone.
16:59 of 3rd period - Snap shot by Zack Kassian.
16:59 of 3rd period - Stopped by Arvid Soderblom with a rebound.
17:11 of 3rd period - Wrist shot by Emil Bemstrom.
17:11 of 3rd period - Goal by Emil Bemstrom - Long Beach Ice Dogs : 6 - Havana Tropicals : 3.
17:12 of 3rd period - Alex Galchenyuk wins face-off versus Zach Aston-Reese in neutral zone.
17:15 of 3rd period - Teddy Blueger is hit by Zack Kassian and loses puck.
18:06 of 3rd period - Snap shot by Jansen Harkins.
18:06 of 3rd period - Shot Misses the Net.
18:08 of 3rd period - Wrist shot by Logan Brown.
18:08 of 3rd period - Stopped by Arvid Soderblom without a rebound.
18:09 of 3rd period - Victor Rask wins face-off versus Teddy Blueger in Havana Tropicals zone.
18:12 of 3rd period - Wrist shot by Zack Kassian.
18:12 of 3rd period - Shot Misses the Net.
18:42 of 3rd period - Snap shot by Logan Brown.
18:42 of 3rd period - Stopped by Arvid Soderblom without a rebound.
18:43 of 3rd period - Chris Tierney wins face-off versus Logan Brown in Havana Tropicals zone.
18:45 of 3rd period - Minor Penalty to Sammy Blais for Holding.
18:46 of 3rd period - Victor Rask wins face-off versus Teddy Blueger in Havana Tropicals zone.
Goals for this period are 4 for Long Beach Ice Dogs vs 2 for Havana Tropicals.
Shots for this period are 18 for Long Beach Ice Dogs vs 9 for Havana Tropicals.
Back to the Top